 Dungeon Crawl Stone Soup version 0.27-a0-1105-g946c659c87 (webtiles) character file.

Game seed: 6804651015317510144

63 RaHiT the Magician (level 4, -9/33 HPs)
             Began as a Djinni Hedge Wizard on Apr 30, 2021.
             Mangled by a worm (10 damage)
             ... on level 2 of the Dungeon.
             The game lasted 00:18:42 (2529 turns).

RaHiT the Magician (Djinni Hedge Wizard)            Turns: 2529, Time: 00:18:43

Health: -9/33      AC: -4    Str:  9    XL:     4   Next: 10%
Gold:   107        EV: 12    Int: 17    God:
                   SH:  0    Dex: 12

rFire    + + .     SeeInvis .   a - +0 dagger
rCold    x . .     Faith    .   (no shield)
rNeg     . . .     Spirit   .   b - +0 robe
rPois    ∞         Reflect  .   d - +1 helmet
rElec    .         Harm     .   (no cloak)
rCorr    .         Rampage  .   (no gloves)
Will     .....                  (boots unavailable)
Stlth    ++........             (no amulet)
HPRegen  0.11/turn              (no ring)
MPRegen  0.00/turn              (no ring)

@: corroded, flying, very slightly contaminated
A: fire resistance 2, cold vulnerability 1, float, innate caster, hp casting,
extra vitality 1
a: no special abilities


You were on level 2 of the Dungeon.
You visited 1 branch of the dungeon, and saw 2 of its levels.

You collected 107 gold pieces.

Inventory:

Hand Weapons
 a - a +0 dagger (weapon)
Armour
 b - a +0 robe (worn)
 d - a +1 helmet (worn)
Scrolls
 h - a scroll of noise {unknown}
Potions
 c - a potion of heal wounds
 f - a potion of brilliance {unknown}


   Skills:
 + Level 1.6 Fighting
 - Level 3.0 Dodging
 - Level 2.0 Stealth
 + Level 3.3 Spellcasting


You couldn't memorise any spells.
You knew the following spells:

 Your Spells              Type           Power      Damage    Failure   Level
a - Magic Dart            Conj           56%        1d5       4%          1
b - Blink                 Tloc           N/A        N/A       7%          2
c - Call Imp              Summ           14%        N/A       7%          2
d - Slow                  Hex            14%        N/A       7%          2
e - Conjure Flame         Conj/Fire      14%        6-21      13%         3
f - Mephitic Cloud        Conj/Pois/Air  14%        N/A       13%         3
g - Apportation           Tloc           28%        N/A       4%          1
Your spell library was empty.

Dungeon Overview and Level Annotations

Branches:
Dungeon (2/15)

Altars:
Wu Jian


Innate Abilities, Weirdness & Mutations

You are immune to poison.
Your flesh is very heat resistant. (rF++)
You are vulnerable to cold. (rC-)
You float through the air rather than walking.
You learn spells naturally, not from books.
Your magical power is your life essence.
You have superior vitality. (+4 HP)


Message History

Sifu Deng Ai says: Suffer, mortal!
The rancor of the Wu Jian Council corrodes you! 4 dancing weapons come into view.
There is a +0 rapier of freezing.
There is a +1 rapier of speed.
There is a +4 glaive of freezing.
There is a +1 great sword of freezing.
Casting: Magic Dart (safe; 4% risk of failure)
Confirm with . or Enter, or press ? or * to list all spells.
Aiming: Magic Dart (safe; 4% risk of failure)
Press: ? - help, Shift-Dir - straight line, f - +0 rapier of freezing
Aim: a +0 rapier of freezing (durably summoned, 100% to hit)
You miscast Magic Dart.
You are very lightly contaminated with residual magic.
Nothing appears to happen.
Casting: Magic Dart (safe; 4% risk of failure)
Confirm with . or Enter, or press ? or * to list all spells.
Aiming: Magic Dart (safe; 4% risk of failure)
Press: ? - help, Shift-Dir - straight line, f/p - +0 rapier of freezing
Aim: a +0 rapier of freezing (durably summoned, 100% to hit)
The magic dart hits the +0 rapier of freezing.
The +0 rapier of freezing is moderately damaged.
Casting: Magic Dart (safe; 4% risk of failure)
Confirm with . or Enter, or press ? or * to list all spells.
Aiming: Magic Dart (safe; 4% risk of failure)
Press: ? - help, Shift-Dir - straight line, f/p - +0 rapier of freezing
Aim: a +0 rapier of freezing (moderately damaged, durably summoned, ally target, 100% to hit)
You miscast Magic Dart.
Nothing appears to happen.
The +0 rapier of freezing hits your white imp!
The +4 glaive of freezing hits you from afar!!
Ouch! That really hurt!
The +4 glaive of freezing freezes you!
* * * LOW HITPOINT WARNING * * *
Your white imp gestures at the +0 rapier of freezing.
The puff of frost hits the +0 rapier of freezing.
The +0 rapier of freezing resists.
The +0 rapier of freezing hits your white imp.
Your white imp dies!
A worm comes into view.
A kobold comes into view. It is wielding a +2 dagger of speed.
The kobold shouts!
The worm bites you!
You die...

.# .# # # .#. .# .
#####.##.# # ...>.....
##...######### ##
##...............#
##.......######...##.
###.........###@.......
#.........(.(.(w.....K.
#.#.........###.......#
#.##.......## ###......
##.###.....## ...###
...# ##...## #### ####
#####


You could see a worm, 3 dancing weapons and a kobold.

Vanquished Creatures
  2 dancing weapons (D:2)
  A gnoll (D:1)
  2 dart slugs (D:1)
  3 endoplasms (D:1)
  4 goblins (D:1)
  A hobgoblin (D:1)
  4 jackals
  4 quokkas
  2 ball pythons
  2 bats (D:2)
  3 frilled lizards (D:1)
  A kobold (D:1)
  5 rats
34 creatures vanquished.

Vanquished Creatures (collateral kills)
  A dancing weapon (D:2)
  2 gnolls (D:2)
  A worm (D:2)
  2 endoplasms
  A hobgoblin (D:2)
  3 jackals (D:2)
  A kobold (D:2)
  A goblin (D:2)
12 creatures vanquished.

Grand Total: 46 creatures vanquished

Notes
Turn   | Place    | Note
-------+----------+-------------------------------------------
     0 | D:1      | RaHiT the Djinni Hedge Wizard began the quest for the Orb.
     0 | D:1      | Reached XP level 1. HP: 15/15 MP: 0/0
   100 | D:1      | Reached XP level 2. HP: 8/21 MP: 0/0
   126 | D:1      | HP: 1/21 [dart slug/slug dart (5)]
   477 | D:1      | HP: 1/21 [jackal (3)]
   949 | D:1      | Found a faded altar of an unknown god.
   958 | D:1      | Became a worshipper of the Wu Jian Council
   958 | D:1      | Reached * piety under Wu Jian
   959 | D:1      | Fell from the grace of Wu Jian
   995 | D:1      | Reached XP level 3. HP: 22/26 MP: 0/0
   995 | D:1      | Learned a level 1 spell: Apportation
  1371 | D:2      | Reached skill level 1 in Fighting
  2111 | D:2      | Noticed a +4 broad axe of electrocution
  2111 | D:2      | Noticed a +4 great sword of speed
  2111 | D:2      | Noticed a +3 vorpal dire flail
  2153 | D:2      | Killed a +4 great sword of speed
  2165 | D:2      | Killed a +3 vorpal dire flail
  2246 | D:2      | Killed a +4 broad axe of electrocution
  2360 | D:2      | Reached XP level 4. HP: 28/32 MP: 0/0
  2521 | D:2      | Noticed a +0 rapier of freezing
  2521 | D:2      | Noticed a +1 rapier of speed
  2521 | D:2      | Noticed a +4 glaive of freezing
  2521 | D:2      | Noticed a +1 great sword of freezing
  2523 | D:2      | HP: 1/33 [+4 glaive of freezing[the rancor of the Wu Jian
                  | Council] (9)]
  2529 | D:2      | Mangled by a worm

Illustrated notes

Levels and vault maps discovered:
D:1:      ncdulo_smallfort, layout_basic, ebering_ecumenical_altar_sacrificial
D:2:      layout_loops_ring

Skill      XL: |  1  2  3 |
---------------+----------+-----
Stealth        | 2 |  2.0
Spellcasting   | 3 |  3.3
Fighting       | 1 |  1.6
Dodging        | 3 |  3.0

Action                   |  1- 3 |  4- 6 || total
-------------------------+-------+-------++-------
Melee: Dagger            |    20 |       ||    20
 Cast: Magic Dart        |    75 |     5 ||    80
       Call Imp          |    10 |     3 ||    13
       Mephitic Cloud    |     2 |       ||     2
       Blink             |     2 |       ||     2
Invok: Renounce Religion |     1 |       ||     1
  Use: Scroll            |     2 |       ||     2
       Potion            |     1 |       ||     1
 Stab: Sleeping          |     1 |       ||     1
Armor: Robe              |     7 |     1 ||     8
Dodge: Dodged            |    38 |     6 ||    44

Table legend: (Time is in decaauts)
 A = Elapsed time spent in this place.
 B = Non-inter-level travel time spent in this place.
 C = Inter-level travel time spent in this place.
 D = Time resting spent in this place.
 E = Time spent auto-exploring this place.
 F = Levels seen in this place.
 G = Mean time per level.
                   A        B        C        D        E       F      G
               +--------+--------+--------+--------+--------+-----+--------+
         Total |   2530 |   2397 |    133 |   1080 |      0 |   2 | 1265.0 |
       Dungeon |   2530 |   2397 |    133 |   1080 |      0 |   2 | 1265.0 |
               +--------+--------+--------+--------+--------+-----+--------+

Top non-repeatable levels by time:
     D:1: 1844 daAuts
     D:2: 686 daAuts
